 Dungeon Crawl Stone Soup version 0.27.1-3-gb3d3a73c9e (webtiles) character file.

Game seed: 7111065052678457598

83 Sirial the Skirmisher (level 4, -5/37 HPs)
             Began as a Demonspawn Abyssal Knight on Oct 19, 2021.
             Was a Believer of Lugonu.
             Engulfed by a cloud of flame (11 damage)
             ... on level 3 of the Dungeon.
             The game lasted 00:06:00 (2567 turns).

Sirial the Skirmisher (Demonspawn Abyssal Knight)   Turns: 2567, Time: 00:06:00

Health: -5/37      AC:  5    Str: 14    XL:     4   Next: 22%
Magic:  5/5        EV: 11    Int: 13    God:    Lugonu [**....]
Gold:   62         SH:  0    Dex: 12    Spells: 3/3 levels left

rFire    . . .     SeeInvis +   h - +2 short sword (speed)
rCold    . . .     Faith    .   (no shield)
rNeg     . . .     Spirit   .   b - +0 leather armour
rPois    .         Reflect  .   (helmet restricted)
rElec    .         Harm     .   (no cloak)
rCorr    .         Rampage  .   (no gloves)
Will     .....                  (no boots)
Stlth    +.........             (no amulet)
HPRegen  0.12/turn              d - ring of see invisible
MPRegen  0.09/turn              f - ring of wizardry

@: no status effects
A: horns 2, slimy green scales 1
a: Renounce Religion, Depart the Abyss, Bend Space


You were on level 3 of the Dungeon.
You worshipped Lugonu.
Lugonu was pleased with you.
You visited 1 branch of the dungeon, and saw 3 of its levels.
You visited the Abyss 1 time.

You collected 62 gold pieces.

Inventory:

Hand Weapons
 a - a +1 falchion
 c - a +3 dagger
 h - a +2 short sword of speed (weapon)
Armour
 b - a +0 leather armour (worn)
Jewellery
 d - a ring of see invisible (left hand)
 f - a ring of wizardry (right hand)
Scrolls
 i - a scroll of acquirement {unknown}
Potions
 e - 2 potions of heal wounds


   Skills:
 + Level 3.7 Fighting
 + Level 0.3(1.6) Short Blades
 + Level 2.6 Long Blades
 + Level 2.5 Armour
 + Level 1.1 Dodging
 + Level 0.2 Stealth
 + Level 2.5 Invocations


You had 3 spell levels left.
You didn't know any spells.
Your spell library contained the following spells:

 Spells                   Type           Power      Damage    Failure   Level
 Inner Flame              Hex/Fire       0%         N/A       41%         3
 Tukima's Dance           Hex            0%         N/A       41%         3
 Animate Dead             Necr           0%         N/A       80%         4
 Cause Fear               Hex            0%         N/A       80%         4
 Dispel Undead            Necr           0%         3d6       80%         4
 Fulminant Prism          Conj/Hex       0%         3d6       80%         4
 Agony                    Necr           0%         N/A       98%         5
 Discord                  Hex            0%         N/A       100%        8


Dungeon Overview and Level Annotations

Branches:
Dungeon (3/15)

Altars:


Innate Abilities, Weirdness & Mutations

You have a pair of horns on your head.
You are partially covered in slimy green scales. (AC +2)


Message History

a +0 war axe; 4 boomerangs; a +0 ring mail
Items here: ( ))) [[ †.
h - a +2 short sword of speed
Things that are here:
a +0 war axe; 4 boomerangs; a +0 ring mail Your hands tingle!
h - a +2 short sword of speed (weapon)
HP restored.
Found a scroll labelled RUYFIN PALOHEO.
Found 16 stones.
i - a scroll labelled RUYFIN PALOHEO You now have 62 gold pieces (gained 13).
As you read the scroll labelled XILYD LAJUEPH, it crumbles to dust.
You assume a fearsome visage.
Nothing appears to happen.
It was a scroll of fear.
A frilled lizard comes into view.
The frilled lizard hisses angrily.
You barely miss the frilled lizard. The frilled lizard barely misses you.
You miss the frilled lizard. You hit the frilled lizard.
You kill the frilled lizard!
Lugonu accepts your kill.
You see here a frilled lizard corpse.
Found a robe.
You see here a frilled lizard corpse.
Found an escape hatch in the ceiling.
You see here a +0 robe.
There is an escape hatch in the ceiling here.
Found 21 gold pieces.
Really walk into a travel-excluded area?
Uppercase [Y]es or [N]o only, please.
Really walk into a travel-excluded area?
Found 24 gold pieces and a ring mail.
You are engulfed in blazing flames.
Really walk into that cloud of flame?
You are engulfed in blazing flames.
* * * LOW HITPOINT WARNING * * *
Really walk into that cloud of flame?
You are engulfed in blazing flames.
You die...

.# §# ... §§#
... ○§○# ..
######..[##
#.####.§○§..$$.§
..##..§§°..$$.§
.
#.##..§@§..$..§
##.
#.##.#####...##
#.. ####....# §#
#(###.[<..###
#.#...##.## .
#.#.####.#
#.#...# #.#
....†.# #..#
...##.# ##.#


There were no monsters in sight!

Vanquished Creatures
  2 adders (D:2)
  4 orcs (D:3)
  4 endoplasms
  3 giant cockroaches (D:1)
  6 goblins
  4 hobgoblins
  4 jackals (D:1)
  7 quokkas
  3 ball pythons
  4 bats
  3 frilled lizards
  6 kobolds
  5 rats (D:1)
55 creatures vanquished.

Notes
Turn   | Place    | Note
-------+----------+-------------------------------------------
     0 | Abyss:1  | Sirial the Demonspawn Abyssal Knight began the quest for
                  | the Orb.
     0 | Abyss:1  | Reached XP level 1. HP: 18/18 MP: 2/2
     5 | Abyss:1  | Noticed an ice devil
     9 | D:1      | Escaped the Abyss
    89 | D:1      | Gained mutation: You are partially covered in slimy green
                  | scales. (AC +2) [demonic ancestry]
    89 | D:1      | Reached XP level 2. HP: 10/24 MP: 3/3
   596 | D:1      | Got Duprupn's Compendium of Fetching Evil
   816 | D:1      | Reached ** piety under Lugonu
   931 | D:1      | Gained mutation: You have a pair of small horns on your
                  | head. [demonic ancestry]
   931 | D:1      | Reached XP level 3. HP: 22/29 MP: 4/4
  1414 | D:2      | Reached skill level 1 in Dodging
  1742 | D:2      | Found a faded altar of an unknown god.
  2088 | D:2      | Gained mutation: You have a pair of horns on your head.
                  | [demonic ancestry]
  2088 | D:2      | Reached XP level 4. HP: 37/37 MP: 5/5
  2567 | D:3      | Engulfed by a cloud of flame

Illustrated notes

Levels and vault maps discovered:
D:1:      dpeg_arrival_prison, layout_rooms
D:2:      layout_loops_cross, hellmonk_ecumenical_altar_prayer_group
D:3:      layout_rooms, amethyst_killhole, lemuel_flame_loot_1, uniq_grinder

Skill      XL: |  1  2  3 |
---------------+----------+-----
Long Blades    | 2 |  2.6
Armour         | 2 |  2.5
Dodging        | 1 |  1.1
Fighting       | |  3.7
Short Blades   | |  0.3
Stealth        | |  0.2
Invocations    | |  2.5

Action                   |  1- 3 |  4- 6 || total
-------------------------+-------+-------++-------
Melee: Falchion          |    83 |       ||    83
       Dagger            |    61 |    25 ||    86
       Headbutt          |    10 |     2 ||    12
       Short sword       |       |     3 ||     3
  Use: Scroll            |     2 |     1 ||     3
       Potion            |     1 |       ||     1
 Stab: Sleeping          |     1 |       ||     1
Armor: Leather armour    |    55 |     6 ||    61
Dodge: Dodged            |    94 |    16 ||   110
       Rpst.: Falchion   |    14 |       ||    14
